 Dungeon Crawl Stone Soup version 0.32-a0-519-g08f29ac1c3 (webtiles) character file.

Game seed: 7147445076297755698

567330 petercordia the Slayer (level 26, -55/203 HPs)
             Began as a Human Delver on Dec 19, 2023.
             Was a High Priest of Hepliaklqana.
             Killed from afar by a yellow draconian annihilator (244 damage)
             ... with an acid spray
             ... led by a purple draconian shifter
             ... on level 1 of the Realm of Zot on Feb 27, 2024.
             The game lasted 04:51:41 (55721 turns).

petercordia the Slayer (Human Delver)              Turns: 55721, Time: 04:51:42

Health: -55/203    AC: 29    Str: 15    XL:     26   Next: 22%
Magic:  43/43      EV: 32    Int: 12    God:    Hepliaklqana [*****.]
Gold:   2904       SH:  0    Dex: 31    Spells: 27/37 levels left

rFire   . . .        F - +9 longbow (freeze)
rCold   + + .        (shield currently unavailable)
rNeg    + + +        M - +5 swamp dragon scales
rPois   +            (helmet restricted)
rElec   +            G - +0 cloak
rCorr   .            X - +2 pair of gloves of Antal {rElec rN+ Str+3}
SInv    +            d - +1 pair of boots
Will    ++++.        h - amulet of the Four Winds {rN+ Will+++ Clar}
Stlth   +++++++      V - ring "Jexkaera" {^Drain rC++ rN+ Dex+5, =R}
HPRegen 0.53/turn    I - ring "Tiafri Ugets" {MP+9 Slay+2 SInv}
MPRegen 0.28/turn

%: clarity
@: studying 2 skills
A: reduced essence, explore regen, horns 1, iridescent scales 1
}: 4/15 runes: decaying, slimy, silver, gossamer
a: Renounce Religion, Recall Ancestor, Ancestor Identity, Transference, Idealise


You were on level 1 of the Realm of Zot.
You worshipped Hepliaklqana.
Hepliaklqana was extremely pleased with you.
You visited 11 branches of the dungeon, and saw 49 of its levels.
You visited 1 bazaar.
You also visited: Ossuary, Gauntlet and Wizlab.

You collected 9197 gold pieces.
You spent 6293 gold pieces at shops.

Inventory:

Hand Weapons
 F - a +9 longbow of freezing (weapon)
Missiles
 l - 13 curare-tipped darts
 C - 5 throwing nets
Armour
 b - the +1 helmet of Ovvov {Dex+5}
   (You found it in a Gauntlet)

   Dex+5:     It affects your dexterity (+5).
 d - a +1 pair of boots (worn)
 s - a +0 buckler of protection
 G - a +0 cloak (worn)
 M - +5 swamp dragon scales (worn)
 X - the +2 pair of gloves of Antal (worn) {rElec rN+ Str+3}
   (You found it on level 5 of the Pits of Slime)

   Str+3:     It affects your strength (+3).
   rElec:     It insulates you from electricity.
   rN+:       It protects you from negative energy.
Jewellery
 h - the amulet of the Four Winds (around neck) {rN+ Will+++ Clar}
   (You took it off a deep elf death mage on level 3 of the Elven Halls)

   [amulet of nothing]

   rN+:       It protects you from negative energy.
   Will+++:   It greatly increases your willpower.
   Clar:      It protects you from confusion, rage, mesmerisation and fear.
 k - the ring "Zanofahacw" {rC+ rCorr Str+2}
   (You found it in a Gauntlet)

   [ring of resist corrosion]

   Str+2:     It affects your strength (+2).
   rC+:       It protects you from cold.
   rCorr:     It protects you from acid and corrosion.
 m - the ring of Sabbu {rPois rF- rCorr Dex+6 Stlth+}
   (You found it on level 3 of the Elven Halls)

   [ring of dexterity]

   Dex+6:     It affects your dexterity (+6).
   rF-:       It makes you vulnerable to fire.
   rPois:     It protects you from poison rCorr: It protects you from acid and
   corrosion.
   Stlth+:    It makes you more stealthy.
 t - a +6 ring of dexterity
 y - the ring "Aqoiship" {Will+ MP+9}
   (You found it in a Gauntlet)

   [ring of magical power]

   Will+:     It increases your willpower.
   MP+9:      It affects your magic capacity (+9).
 I - the ring "Tiafri Ugets" (right hand) {MP+9 Slay+2 SInv}
   (You took it off a spriggan berserker on level 2 of the Depths)

   [ring of see invisible]

   Slay+2:    It affects your accuracy & damage with ranged weapons and melee
   (+2).
   MP+9:      It affects your magic capacity (+9).
   SInv:      It lets you see invisible.
 P - a ring of protection from fire
 S - the ring of Liuhual {rElec rC+ Str+3 Stlth+}
   (You took it off a deep elf annihilator on level 3 of the Elven Halls)

   [ring of protection from cold]

   Str+3:     It affects your strength (+3).
   rC+:       It protects you from cold.
   rElec:     It insulates you from electricity.
   Stlth+:    It makes you more stealthy.
 V - the ring "Jexkaera" (left hand) {^Drain rC++ rN+ Dex+5, =R}
   (You found it on level 5 of the Pits of Slime)

   [ring of positive energy]

   Dex+5:     It affects your dexterity (+5).
   rC++:      It greatly protects you from cold.
   rN+:       It protects you from negative energy.
   ^Drain:    It drains your maximum health when unequipped.
Wands
 f - a wand of light (23)
 g - a wand of digging (10)
 B - a wand of charming (36)
 N - a wand of polymorph (37)
 R - a wand of mindburst (12)
 Y - a wand of roots (87)
Scrolls
 a - 4 scrolls of blinking
 c - 10 scrolls of fog
 e - 9 scrolls of fear
 i - 9 scrolls of poison
 n - 5 scrolls of vulnerability
 q - 29 scrolls of teleportation
 w - a scroll of brand weapon
 x - 28 scrolls of identify
 D - 9 scrolls of revelation
 E - 9 scrolls of enchant weapon
 H - 10 scrolls of immolation
 K - 5 scrolls of butterflies
 O - 3 scrolls of torment
Potions
 j - 9 potions of might
 o - 15 potions of haste
 p - 21 potions of curing
 r - 5 potions of enlightenment
 u - 12 potions of mutation
 v - 12 potions of brilliance
 z - 4 potions of cancellation
 A - 3 potions of resistance
 J - 8 potions of ambrosia
 L - 13 potions of heal wounds
 Q - 9 potions of attraction
 T - 7 potions of magic
 W - 6 potions of invisibility
Miscellaneous
 U - a phantom mirror (inert)
 Z - a phial of floods


   Skills:
 * Level 22.6 Fighting
 - Level 2.6 Short Blades
 - Level 0.1(1.5) Long Blades
 - Level 20.0 Ranged Weapons
 - Level 20.0 Armour
 * Level 20.4 Dodging
 - Level 16.0 Stealth
 - Level 6.0 Spellcasting
 - Level 7.0 Hexes
 - Level 10.0 Translocations
 - Level 15.0 Invocations
 - Level 3.0 Evocations


You had 27 spell levels left.
You knew the following spells:

 Your Spells              Type           Power      Damage    Failure   Level
a - Passage of Golubria   Tloc           27%        N/A       4%          4
b - Blink                 Tloc           54%        N/A       1%          2
c - Dimensional Bullseye  Hex/Tloc       12%        N/A       8%          4

Your spell library contained the following spells:

 Spells                   Type           Power      Damage    Failure   Level
 Slow                     Hex            80%        N/A       1%          1
 Lesser Beckoning         Tloc           54%        N/A       1%          2
 Gell's Gravitas          Tloc           27%        N/A       1%          3
 Teleport Other           Tloc           27%        N/A       1%          3
 Momentum Strike          Conj/Tloc      30%        3d8       4%          2
 Confusing Touch          Hex            20%        N/A       4%          3
 Sigil of Binding         Hex            20%        N/A       4%          3
 Tukima's Dance           Hex            20%        N/A       4%          3
 Manifold Assault         Tloc           27%        N/A       4%          4
 Volatile Blastmotes      Fire/Tloc      30%        2d12      10%         3
 Cause Fear               Hex            10%        N/A       14%         4
 Dazzling Flash           Conj/Hex       24%        N/A       19%         3
 Inner Flame              Hex/Fire       12%        N/A       19%         3
 Foxfire                  Conj/Fire      12%        2x1d4     26%         1
 Kiss of Death            Conj/Necr      12%        2d6       26%         1
 Sandblast                Erth           6%         2d5       26%         1
 Sting                    Conj/Alch      12%        1d3       26%         1
 Summon Small Mammal      Summ           12%        N/A       26%         1
 Iskenderun's Mystic Bla  Conj/Tloc      15%        2d5       32%         4
 Cigotuvi's Dreadful Rot  Necr/Alch/Air  6%         N/A       36%         2
 Sublimation of Blood     Necr           3%         N/A       36%         2
 Anguish                  Hex/Necr       6%         N/A       52%         4
 Dispersal                Tloc           13%        N/A       54%         6
 Call Canine Familiar     Summ           3%         N/A       61%         3
 Frozen Ramparts          Ice            6%         1d1       61%         3
 Ozocubu's Armour         Ice            3%         N/A       61%         3
 Vampiric Draining        Necr           3%         2d6       61%         3
 Summon Forest            Summ/Tloc      7%         N/A       67%         5
 Metabolic Englaciation   Hex/Ice        6%         N/A       86%         5
 Silence                  Hex/Air        6%         N/A       86%         5
 Animate Armour           Summ/Erth      6%         N/A       95%         4
 Brom's Barrelling Bould  Conj/Erth      3%         2d3       95%         4
 Dispel Undead            Necr           3%         3d7       95%         4
 Flame Wave               Conj/Fire      3%         2d5       95%         4
 Leda's Liquefaction      Alch/Erth      1%         N/A       95%         4
 Martyr's Knell           Necr/Summ      3%         N/A       95%         4
 Petrify                  Alch/Erth      3%         N/A       95%         4
 Sticky Flame             Fire/Alch      3%         2d4       95%         4
 Summon Blazeheart Golem  Fire/Summ      3%         N/A       95%         4
 Alistair's Intoxication  Alch           2%         N/A       100%        5
 Borgnjor's Vile Clutch   Necr/Erth      1%         N/A       100%        5
 Fireball                 Conj/Fire      1%         3d3       100%        5
 Irradiate                Conj/Alch      1%         3d12      100%        5
 Iskenderun's Battlesphe  Conj           3%         2d6       100%        5
 Lee's Rapid Deconstruct  Erth           1%         3d4*      100%        5
 Bombard                  Conj/Erth      1%         9d1       100%        6
 Conjure Ball Lightning   Conj/Air       1%         3x3d6     100%        6
 Death Channel            Necr           1%         N/A       100%        6
 Eringya's Noxious Bog    Alch           1%         4d6       100%        6
 Plasma Beam              Fire/Air       1%         2x1d11    100%        6
 Sculpt Simulacrum        Ice/Alch       1%         N/A       100%        6
 Starburst                Conj/Fire      1%         6d3       100%        6
 Summon Cactus Giant      Summ           1%         N/A       100%        6
 Enfeeble                 Hex            10%        N/A       100%        7
 Malign Gateway           Summ/Tloc      7%         N/A       100%        7
 Orb of Destruction       Conj           1%         9d5       100%        7
 Spellforged Servitor     Conj/Summ      1%         N/A       100%        7
 Summon Hydra             Summ           1%         N/A       100%        7
 Discord                  Hex            10%        N/A       100%        8
 Disjunction              Tloc           13%        N/A       100%        8
 Ignition                 Fire           1%         3d3       100%        8
 Lehudib's Crystal Spear  Conj/Erth      1%         10d2      100%        8
 Maxwell's Capacitive Co  Air            1%         ∞         100%        8


Dungeon Overview and Level Annotations

Branches:
Dungeon (15/15)            Temple (0/1) D:7            Lair (5/5) D:10
  Swamp (4/4) Lair:2       Spider (4/4) Lair:2        Slime (5/5) Lair:4
    Orc (2/2) D:10            Elf (3/3) Orc:2        Vaults (5/5) D:13
  Crypt (0/3) Vaults:3     Depths (4/4) D:15           Hell (visited)
    Zot (1/5) Depths:4    Ossuary (visited)          WizLab (visited)
Gauntlet (visited)
    Dis: Hell:1         Geh: Hell:1         Coc: Hell:1         Tar: Hell:1

Altars:
Ashenzari
Cheibriados
Elyvilon
Fedhas
Gozag
Hepliaklqana
Kikubaaqudgha
Nemelex Xobeh
Okawaru
Qazlal
Sif Muna
Trog
Vehumet
Xom
Zin
Beogh
Jiyva
Lugonu

Shops:
D:6 !   Orc:2 (!:*   Elf:2 **   Vaults:1 =(   Vaults:5 :*[!?(?

Portals:
Hell: Depths:1 Depths:2 Depths:3 Depths:4
Abyss: Lair:5 Depths:1 Depths:2 Depths:3
Pandemonium: Orc:2 Depths:3
Ziggurat: Depths:3
Trove: Vaults:3 (give +3 gold dragon scales)

Annotations:
Elf:3 2 transporters, Gemnupib's ghost, adept DEFE
Hell Geryon


Innate Abilities, Weirdness & Mutations

Your life essence is reduced to manifest your ancestor. (-10% HP)
You regain HP and MP as you explore.
You have a pair of small horns on your head.
You are partially covered in iridescent scales. (AC +2)


Message History

The blast of cold hits you! You resist.
You hear a roar!
You shoot an arrow. Nkonkoni avoids your attack.
The arrow hits the white draconian!!
The arrow freezes the white draconian.
You kill the white draconian!
Unknown command.
You shoot an arrow. Nkonkoni avoids your attack.
The arrow hits the yellow draconian!!!
The arrow freezes the yellow draconian!
The yellow draconian is almost dead.
You hear a roar!
The yellow draconian throws acid at you.
The acid spray hits Nkonkoni!!!!!!
Nkonkoni is destroyed!
The acid spray is repelled.
You shoot an arrow.
The arrow barely misses the yellow draconian.
The arrow hits the green draconian!!
The green draconian seems to slow down.
The arrow freezes the green draconian.
The green draconian is moderately wounded.
A yellow draconian comes into view. It is wielding a +0 halberd.
A green draconian comes into view. It is wielding a +4 hand axe.
You shoot an arrow.
The arrow hits the tentacled monstrosity!!
The arrow freezes the tentacled monstrosity!
The tentacled monstrosity is moderately wounded.
Unknown command.
You shoot an arrow.
The arrow hits the tentacled monstrosity.
The tentacled monstrosity is moderately wounded.
Unknown command.
You shoot an arrow.
The arrow barely misses the tentacled monstrosity.
The arrow barely misses the yellow draconian annihilator.
The arrow hits the green draconian!!!
The arrow freezes the green draconian!
The green draconian is heavily wounded.
The yellow draconian annihilator throws acid at you.
The acid spray hits you!!!!!
Ouch! That really hurt!
You die...
Hepliaklqana delivers you to your ancestors.

#..q #....##..†...# #...
#####...###...####
#ddd###.#.......##.##...
#qd#...........####....
#§#...#.#.#........##'
#X§...#####.....##.##.
###§.##.#####....###..
#..§).##...##...##...
##..@##.....##..+....
##.##.......####....
###.........+.#....
#.........#.##...
#.........'..##..
##.......##...##.
##.....##..####'
##...##........
#######..#....


You could see a tentacled monstrosity, 2 draconians, a green draconian and a
yellow draconian annihilator (catching breath).

Vanquished Creatures
  the Royal Jelly (Slime:5)
  2 dread liches (Vaults:5)
  2 ancient liches (Vaults:5)
  2 juggernauts (Depths:2)
  Sojobo (Depths:4)
  4 caustic shrikes
  2 golden dragons
  A walking crystal tome (Depths:2)
  Jorgrun (D:14)
  2 liches
  Zenata (Vaults:2)
  A tentacled monstrosity (Depths:4)
  A walking divine tome (Depths:2)
  9 sphinxes
  2 deep elf blademasters (Elf:2)
  2 deep elf master archers (Elf:3)
  3 quicksilver dragons
  14 acid blobs
  2 ancient champions
  A tengu reaver (Depths:3)
  2 storm dragons (Vaults:5)
  4 shadow dragons
  Roxanne (Spider:4)
  2 fenstrider witches (Swamp:4)
  8 rockslimes
  17 azure jellies
  3 draconian shifters (Zot:1)
  7 fire giants
  An iron dragon (Depths:2)
  9 frost giants
  An emperor scorpion (Spider:4)
  3 deep elf sorcerers (Elf:3)
  7 vault wardens
  4 deep elf elementalists (Elf:3)
  3 ghouls
  5 ghost moths
  2 spriggan defenders (Depths:2)
  2 spectral caustic shrikes (Depths:3)
  An orc warlord (Vaults:3)
  12 ironbound preservers
  15 quicksilver oozes
  10 very ugly things
  2 broodmothers
  A formless jellyfish (Vaults:4)
  The ghost of Chimkentus the Grappler, a journeyman TrBe of Trog (Lair:2)
  An ironbound thunderhulk (Vaults:1)
  13 stone giants
  4 vampire knights
  3 deep elf demonologists (Elf:3)
  6 deep elf death magi
  2 black draconians (Depths:4)
  2 deep elf annihilators (Elf:3)
  A minotaur (Gauntlet)
  6 bunyips
  2 white draconians
  A red draconian (Zot:1)
  4 spark wasps
  Azrael (Elf:1)
  2 war gargoyles (Vaults:4)
  12 dire elephants
  A purple draconian (Zot:1)
  A green death (Depths:2)
  11 ettins
  3 crystal guardians
  A blizzard demon (Depths:1)
  8 fire dragons
  An entropy weaver (Spider:4)
  A deep elf high priest (Vaults:5)
  6 great orbs of eyes
  5 yaktaur captains
  2 rakshasas
  22 vault guards
  8 ice dragons
  5 hydras
  2 peacekeepers
  A ghost crab (Swamp:4)
  A spriggan air mage (Depths:3)
  Harold (D:10)
  2 ogre magi (Vaults:5)
  5 alligators
  3 boulder beetles (D:13)
  3 centaur warriors
  7 two-headed ogres
  4 ironbound frosthearts
  A death knight (D:12)
  6 tengu warriors
  13 dancing weapons
  A demonspawn (Orc:2)
  6 radroaches
  11 deep troll earth magi
  5 deep troll shamans
  2 death yaks
  7 demonic crawlers
  2 vampire magi (Depths:1)
  5 spriggans
  An occultist (Depths:1)
  5 hell knights
  4 spriggan berserkers
  3 orc high priests (Orc:2)
  A thrashing horror (Lair:5)
  10 deep elf knights
  2 sun demons
  3 sixfirhies
  10 iron trolls
  A fire crab (shapeshifter) (Lair:5)
  A storm dragon skeleton (WizLab)
  3 skeletal warriors (WizLab)
  2 goliath frogs
  9 pharaoh ants
  3 spriggan druids
  7 arcanists
  A deep troll (shapeshifter) (Vaults:5)
  4 flayed ghosts
  A glowing orange brain (Depths:3)
  10 deep elf archers
  2 swamp dragons
  A sun moth (Spider:4)
  4 thermic dynamos
  13 orb spiders
  34 deep trolls
  A bog body (Swamp:4)
  7 steelbarb worms
  10 ironbound convokers
  An obsidian statue (Gauntlet)
  4 phantasmal warriors
  10 orc knights
  A necromancer (Depths:3)
  14 deep elf pyromancers
  24 deep elf zephyrmancers
  2 alligator zombies (Swamp:4)
  5 shining eyes
  12 orc sorcerers
  A manticore (shapeshifter) (Vaults:5)
  A faun (shapeshifter) (Elf:1)
  A shining eye (shapeshifter) (Elf:3)
  3 lindwurms (Vaults:1)
  17 wolf spiders
  A manticore (D:11)
  7 will-o-the-wisps
  9 ugly things
  3 meliai (Spider:4)
  8 elephants
  6 cyclopes
  9 vault sentinels
  11 moths of wrath
  A torpor snail (Spider:4)
  A kobold blastminer (Orc:2)
  3 smoke demons
  7 black mambas
  2 gargoyles
  A torpor snail (shapeshifter) (Vaults:5)
  4 eyes of devastation
  3 freezing wraiths
  A yaktaur (shapeshifter) (Lair:5)
  A yaktaur zombie (Vaults:1)
  5 cane toads
  3 kobold demonologists
  21 yaktaurs
  5 komodo dragons
  2 rime drakes
  2 swamp worm zombies (Swamp:4)
  A tengu conjurer (Depths:1)
  A troll (shapeshifter) (Elf:1)
  A queen bee (shapeshifter) (Elf:1)
  A hydra zombie (Swamp:4)
  7 trolls
  A hellwing (Orc:2)
  2 bloated husks
  A polar bear (Lair:3)
  6 hornets
  A tarantella (shapeshifter) (Vaults:5)
  6 tyrant leeches
  9 blink frogs
  28 tarantellas
  A glass eye (Slime:4)
  6 dream sheep
  An ettin zombie (Vaults:1)
  3 spectral swamp dragons (Swamp:4)
  A raiju (Gauntlet)
  A stone giant simulacrum (WizLab)
  20 jumping spiders
  70 slime creatures
  A shadow (D:7)
  A ynoxinul (Orc:2)
  20 yaks
  15 culicivoras
  6 water elementals
  An air elemental (Elf:3)
  2 vampires
  2 wyverns
  A steam dragon (D:8)
  A hog (D:14)
  4 tyrant leech zombies (Swamp:4)
  5 fire elementals
  7 golden eyes
  2 basilisks
  2 wargs
  72 redbacks
  3 vampire mosquitoes (D:13)
  A chaos spawn (Lair:5)
  4 small abominations (Lair:5)
  14 swamp worms
  10 water moccasins
  A deep troll skeleton (WizLab)
  A hell hound (Elf:1)
  2 swamp drakes
  2 swamp dragon zombies (Swamp:4)
  33 orc warriors
  8 black bears
  3 sky beasts
  A crocodile (shapeshifter) (Lair:5)
  5 ogres
  A wolf (Lair:5)
  6 centaurs
  2 boggarts (Elf:3)
  5 phantoms
  7 kobold brigands
  8 bullfrogs
  3 wights
  A hornet simulacrum (D:15)
  A swamp dragon simulacrum (WizLab)
  9 killer bees
  6 howler monkeys
  An electric eel (Lair:2)
  4 centaur zombies (Ossuary)
  A human simulacrum (Vaults:1)
  4 hounds
  A jelly (shapeshifter) (Vaults:5)
  28 orc priests
  A jelly (D:5)
  An iguana (D:6)
  A sleepcap (D:4)
  21 orc wizards
  2 hell rats (Lair:5)
  2 lightning spires (Gauntlet)
  4 mummies (Ossuary)
  2 gnolls
  5 adders
  A white imp (D:6)
  An ufetubus (D:7)
  2 ribbon worms
  4 dart slugs
  67 orcs
  7 ball pythons
  9 endoplasms
  2 giant cockroaches
  3 goblins
  4 hobgoblins
  2 jackals (D:1)
  17 kobolds
  5 quokkas
  2 bats (D:3)
  3 frilled lizards
  2 hobgoblin zombies (Ossuary)
  2 quokka zombies (D:7)
  4 rats
1427 creatures vanquished.

Vanquished Creatures (collateral kills)
  An orb of fire (Zot:1)
  A dread lich (Vaults:5)
  2 antique champions (WizLab)
  Saint Roka (Vaults:4)
  4 caustic shrikes
  2 golden dragons
  Nikola (Swamp:3)
  A bone dragon (Swamp:4)
  3 tentacled monstrosities
  Mlioglotl (Spider:4)
  2 sphinxes (Vaults:5)
  3 liches
  A deep elf blademaster (Elf:3)
  5 acid blobs
  4 titans (Vaults:5)
  3 storm dragons (Vaults:5)
  Kirke (D:14)
  3 shadow dragons
  6 tengu reavers
  A fenstrider witch (Swamp:3)
  8 fire giants
  3 azure jellies
  A draconian knight (Depths:4)
  4 rockslimes
  A frost giant (Depths:3)
  2 deep elf sorcerers (Elf:3)
  A spectral caustic shrike (Depths:3)
  The ghost of Flugslaktarn the Severer, a journeyman MiFi of Okawaru (Orc:2)
  A draconian stormcaller (Depths:4)
  4 ironbound preservers
  An orc warlord (Orc:1)
  6 vault wardens
  A deep elf elementalist (Elf:3)
  2 very ugly things
  A draconian annihilator (Zot:1)
  A ghoul (WizLab)
  6 ironbound thunderhulks
  2 broodmothers
  2 quicksilver oozes (Slime:3)
  A formless jellyfish (Vaults:1)
  A spriggan defender (Depths:2)
  2 vampire knights (WizLab)
  5 stone giants
  A deep elf demonologist (Elf:3)
  A deep elf death mage (Elf:3)
  3 eleionomae
  4 deep elf annihilators
  4 dire elephants
  A purple draconian (Zot:1)
  4 war gargoyles
  3 ettins
  3 fire dragons
  2 deep elf high priests (Elf:3)
  4 great orbs of eyes
  2 jiangshi (WizLab)
  6 yaktaur captains
  2 spriggan air magi
  2 hydras
  A peacekeeper (Vaults:3)
  14 vault guards
  3 ice dragons
  2 ironbound frosthearts
  5 alligators
  2 ghost crabs
  A radroach (Spider:1)
  A catoblepas (Lair:5)
  2 anacondas (shapeshifter)
  A jorogumo (Spider:1)
  A juggernaut simulacrum (WizLab)
  A two-headed ogre (D:9)
  A two-headed ogre (shapeshifter) (Depths:3)
  2 boulder beetles
  8 dancing weapons
  4 death yaks
  2 thrashing horrors (Lair:5)
  2 demonic crawlers
  2 deep troll earth magi (Vaults:5)
  4 spriggan berserkers
  3 tengu warriors
  An orc high priest (Orc:2)
  6 deep elf knights
  2 iron trolls (Depths:3)
  2 sun demons (Hell)
  A skyshark (Lair:2)
  A spectral bunyip (Swamp:4)
  4 goliath frogs
  A pharaoh ant (Spider:1)
  2 death drakes
  2 skeletal warriors (WizLab)
  A flayed ghost (Vaults:4)
  A spriggan druid (Swamp:1)
  A swamp dragon (Swamp:4)
  A golden dragon zombie (WizLab)
  An orb spider (Spider:1)
  2 sun moths
  An arcanist (D:15)
  5 deep elf archers
  2 spectral hydras (Swamp:4)
  16 deep trolls
  2 bog bodies (Swamp:4)
  7 deep elf pyromancers
  3 steelbarb worms
  2 necromancers
  A spectral alligator (Swamp:4)
  3 ironbound convokers
  4 phantasmal warriors
  7 deep elf zephyrmancers
  An alligator zombie (Swamp:4)
  A shining eye (Slime:4)
  6 orc knights
  A golden dragon skeleton (WizLab)
  A moth of wrath (Zot:1)
  3 orc sorcerers
  17 ugly things
  6 wolf spiders
  10 elephants
  A stone giant skeleton (WizLab)
  2 eyes of devastation (Slime:5)
  An ice statue (Gauntlet)
  10 vault sentinels
  5 black mambas
  An eye of devastation (shapeshifter) (Vaults:5)
  A large abomination (Lair:5)
  4 cane toads
  A kobold demonologist (D:11)
  2 torpor snails (Spider:2)
  2 rime drakes
  3 tengu conjurers
  2 freezing wraiths (Vaults:5)
  3 yaktaurs
  3 komodo dragons
  4 tyrant leeches
  2 hydra zombies (Swamp:4)
  4 polar bears
  A troll (Orc:2)
  4 hornets
  6 tarantellas
  Prince Ribbit (D:9)
  A raiju (Lair:5)
  23 blink frogs
  5 dream sheep
  9 culicivoras
  A centaur simulacrum (D:14)
  2 glass eyes
  5 spriggans
  41 slime creatures
  A shadow (D:11)
  5 jumping spiders
  A vampire (D:12)
  3 small abominations (Lair:5)
  2 wyverns
  17 yaks
  2 ynoxinuls (Lair:5)
  An ettin skeleton (WizLab)
  A hog (D:14)
  2 tyrant leech zombies (Swamp:4)
  4 golden eyes
  2 vampire mosquitoes (D:13)
  4 basilisks
  A steam dragon (D:10)
  24 redbacks
  2 acid dragons
  2 hell hounds (Elf:1)
  A deep troll zombie (WizLab)
  3 water moccasins
  A two-headed ogre skeleton (WizLab)
  8 orc warriors
  An ice beast (D:7)
  A sky beast (D:7)
  A black bear (D:10)
  An ogre (Orc:1)
  2 swamp dragon zombies (Swamp:4)
  A battlemage (Spider:4)
  2 wolves
  2 phantoms
  8 bullfrogs
  A human skeleton (Vaults:1)
  A gnoll sergeant (D:10)
  A cyclops zombie (WizLab)
  2 two-headed ogre simulacra (WizLab)
  A wight (D:8)
  A swamp dragon simulacrum (WizLab)
  7 killer bees
  2 howler monkeys
  3 orc priests
  7 orc wizards
  4 hell rats (Lair:5)
  A mummy (Ossuary)
  4 gnolls (D:10)
  27 orcs
  4 kobolds
657 creatures vanquished.

Vanquished Creatures (others)
  A deep elf knight (Elf:1)
  An air elemental (Elf:1)
  A swamp worm (Swamp:3)
  72 battlemagi
  6 ancestors
  10 foxfires
91 creatures vanquished.

Grand Total: 2175 creatures vanquished

Notes
Turn   | Place    | Note
-------+----------+-------------------------------------------
     0 | D:5      | petercordia the Human Delver began the quest for the Orb.
     0 | D:5      | Reached XP level 1. HP: 18/18 MP: 1/1
    15 | D:5      | Found an ancient bone altar of Kikubaaqudgha.
    91 | D:4      | Noticed a sleepcap
   154 | D:4      | Reached XP level 2. HP: 24/24 MP: 2/2
   322 | D:3      | Reached XP level 3. HP: 15/29 MP: 3/3
   738 | D:3      | Identified the +8 whip of Cruel Justice {flame, ^Drain Fly
                  | rElec Int+6}
   764 | D:3      | Identified the +9 chain mail of Intuition {+Blink Will+}
   834 | D:2      | Reached skill level 1 in Armour
   834 | D:2      | Reached XP level 4. HP: 35/35 MP: 4/4
  1169 | D:1      | You fall into a shaft and drop 1 floor!
  1381 | D:3      | Reached XP level 5. HP: 25/41 MP: 5/5
  1660 | D:4      | Reached XP level 6. HP: 47/48 MP: 6/6
  1877 | D:5      | Reached skill level 4 in Fighting
  1923 | D:6      | Noticed a water moccasin
  1934 | D:6      | Killed a water moccasin
  1935 | D:6      | Reached XP level 7. HP: 38/54 MP: 7/7
  2009 | D:6      | Noticed a two-headed ogre
  2084 | D:6      | Reached skill level 5 in Armour
  2112 | D:6      | Found a hazy altar of Hepliaklqana.
  2122 | D:6      | Became a worshipper of Hepliaklqana the Forgotten
  2229 | D:6      | Reached skill level 1 in Evocations
  2234 | D:6      | Found Tuhifaa's Distillery.
  2423 | D:4      | Reached XP level 8. HP: 53/61 MP: 8/8
  2433 | D:4      | Found a stormy altar of Qazlal.
  2717 | D:6      | Got Practicing Spellcraft
  2867 | D:7      | Found a shimmering blue altar of Sif Muna.
  2896 | D:7      | Reached skill level 5 in Fighting
  2901 | D:7      | Found a staircase to the Ecumenical Temple.
  2965 | D:7      | Found a sand-covered staircase.
  2973 | Ossuary  | Entered an ossuary
  3050 | Ossuary  | Reached * piety under Hepliaklqana
  3232 | D:7      | Noticed a troll
  3251 | D:7      | Killed a troll
  3252 | D:7      | Reached XP level 9. HP: 59/62 MP: 6/9
  3274 | D:7      | Reached skill level 6 in Fighting
  3605 | D:7      | Reached skill level 5 in Dodging
  3884 | D:7      | Reached skill level 7 in Fighting
  3909 | D:7      | Reached XP level 10. HP: 68/71 MP: 10/10
  4251 | D:7      | Killed a two-headed ogre
  4252 | D:7      | Reached skill level 10 in Armour
  4587 | D:8      | Noticed a two-headed ogre
  4616 | D:8      | Killed a two-headed ogre
  4617 | D:8      | Reached skill level 8 in Fighting
  4660 | D:8      | Reached ** piety under Hepliaklqana
  4661 | D:8      | Remembered your ancestor Nkonkoni as a battlemage
  4737 | D:8      | Found an opulent altar of Gozag.
  4741 | D:8      | Found a shimmering altar of Xom.
  4746 | D:8      | Found a broken altar of Ashenzari.
  4859 | D:9      | Noticed Prince Ribbit
  4862 | D:9      | Killed Prince Ribbit
  4887 | D:9      | Noticed a two-headed ogre
  4894 | D:9      | Killed a two-headed ogre
  5020 | D:9      | Found a white marble altar of Elyvilon.
  5126 | D:9      | Noticed a two-headed ogre
  5205 | D:9      | Killed a two-headed ogre
  5206 | D:9      | Reached skill level 9 in Fighting
  5206 | D:9      | Reached XP level 11. HP: 44/80 MP: 8/11
  5848 | D:10     | Entered Level 10 of the Dungeon
  5922 | D:10     | Noticed Harold
  5967 | D:10     | Killed Harold
  6016 | D:10     | Found a sparkling altar of Nemelex Xobeh.
  6084 | D:10     | Noticed a two-headed ogre
  6098 | D:10     | Killed a two-headed ogre
  6320 | D:10     | Found a staircase to the Orcish Mines.
  6388 | D:10     | Found a blossoming altar of Fedhas.
  6557 | D:10     | Found a staircase to the Lair.
  6618 | Lair:1   | Entered Level 1 of the Lair of Beasts
  6623 | Lair:1   | Reached skill level 10 in Fighting
  6787 | Lair:1   | Reached XP level 12. HP: 36/89 MP: 12/12
  6974 | Lair:1   | Reached *** piety under Hepliaklqana
  7020 | Lair:1   | Reached skill level 1 in Ranged Weapons
  7133 | Lair:2   | Found a transporter.
  7283 | Lair:2   | Reached skill level 5 in Ranged Weapons
  7315 | Lair:2   | Noticed a skyshark
  7315 | Lair:2   | Noticed Chimkentus's ghost (journeyman TrBe)
  7322 | Lair:2   | Found a transporter.
  7479 | D:6      | Bought a potion of ambrosia for 80 gold pieces
  7479 | D:6      | Bought a potion of might for 40 gold pieces
  7479 | D:6      | Bought a potion of mutation for 80 gold pieces
  7479 | D:6      | Bought a potion of heal wounds for 50 gold pieces
  7479 | D:6      | Bought a potion of curing for 30 gold pieces
  7479 | D:6      | Bought a potion of haste for 100 gold pieces
  7479 | D:6      | Bought a potion of haste for 100 gold pieces
  7617 | Lair:3   | Noticed a six-headed hydra
  7628 | Lair:3   | Killed a six-headed hydra
  7692 | Lair:3   | Reached **** piety under Hepliaklqana
  7847 | Lair:3   | Noticed Sonja
  7848 | Lair:3   | Sonja changed into Sonja the basilisk
  7848 | Lair:3   | Noticed Sonja
  7853 | Lair:3   | Killed Sonja the basilisk
  7913 | Lair:3   | Noticed a six-headed hydra
  7956 | Lair:3   | Killed a six-headed hydra
  8752 | Lair:4   | Reached skill level 10 in Ranged Weapons
  8752 | Lair:4   | Reached XP level 13. HP: 93/93 MP: 13/13
  8774 | Lair:4   | Reached skill level 1 in Invocations
  9481 | Lair:4   | Found a viscous altar of Jiyva.
  9482 | Lair:4   | Reached ***** piety under Hepliaklqana
  9482 | Lair:4   | Found a staircase to the Slime Pits.
  9717 | Lair:5   | Entered Level 5 of the Lair of Beasts
  9944 | Lair:5   | Upgraded the game from 0.31-a0-1308-ga3cce3a448 to
                  | 0.31-a0-1570-g93c622d222
  9944 | Lair:5   | Upgraded the game from 0.31-a0-1570-g93c622d222 to
                  | 0.31-a0-1620-gcbf77bbcfc
  9944 | Lair:5   | Upgraded the game from 0.31-a0-1620-gcbf77bbcfc to
                  | 0.32-a0-17-gb74e046682
 10167 | Lair:5   | Reached skill level 5 in Invocations
 10827 | Lair:5   | Noticed Nessos
 10834 | Lair:5   | Nessos changed into Nessos the death drake
 10834 | Lair:5   | Noticed Nessos
 10836 | Lair:5   | Reached XP level 14. HP: 84/99 MP: 13/19
 10843 | Lair:5   | Killed Nessos the death drake
 12124 | Lair:5   | Reached skill level 15 in Ranged Weapons
 12202 | Lair:5   | Found a corrupted altar of Lugonu.
 12202 | Lair:5   | Found a one-way gate to the infinite horrors of the Abyss.
 12351 | Lair:2   | Found a staircase to the Swamp.
 12351 | Lair:2   | Noticed an eleionoma
 12354 | Lair:2   | Killed an eleionoma
 12449 | Lair:2   | Found a hole to the Spider Nest.
 13273 | D:11     | Found a gate leading to a gauntlet.
 13305 | Gauntlet | Entered a Gauntlet
 13305 | Gauntlet | Found a transporter.
 13305 | Gauntlet | Found a transporter.
 13316 | Gauntlet | Found a transporter.
 13325 | Gauntlet | Found a transporter.
 13339 | Gauntlet | Found a transporter.
 13352 | Gauntlet | Found a transporter.
 13369 | Gauntlet | Found a transporter.
 13435 | Gauntlet | Found a transporter.
 13450 | Gauntlet | Found a transporter.
 13468 | Gauntlet | Found a transporter.
 13480 | Gauntlet | Found a transporter.
 13499 | Gauntlet | Found a transporter.
 13568 | Gauntlet | Found a transporter.
 13578 | Gauntlet | Found a transporter.
 13578 | Gauntlet | Found a transporter.
 13633 | Gauntlet | Found a transporter.
 13816 | Gauntlet | Identified the +1 helmet of Ovvov {Dex+5}
 13885 | Gauntlet | Identified the ring "Zanofahacw" {rC+ rCorr Str+2}
 13942 | Gauntlet | Identified the ring "Aqoiship" {Will+ MP+9}
 13976 | Gauntlet | Identified the +8 scimitar "Uxti Ire" {flame, rC++ rN+
                  | Str+3}
 13993 | Gauntlet | Identified the amulet of Understanding {Faith Regen+}
 14162 | D:10     | Found a snail-covered altar of Cheibriados.
 14891 | D:12     | Reached XP level 15. HP: 105/105 MP: 20/20
 15012 | D:12     | Got the Handbook of Grounded Changes
 15898 | D:13     | Found a gate to the Vaults.
 16100 | D:14     | Noticed Jorgrun
 16109 | D:14     | Killed Jorgrun
 16120 | D:14     | Identified the serpent talisman of Gravitas {rF- rN+
                  | Stlth+}
 16287 | D:14     | Noticed Kirke
 16293 | D:14     | Killed Kirke
 16319 | D:14     | Reached ****** piety under Hepliaklqana
 16773 | D:15     | Entered Level 15 of the Dungeon
 16888 | D:15     | Found an iron altar of Okawaru.
 17327 | D:15     | Found a staircase to the Depths.
 17953 | Orc:1    | Entered Level 1 of the Orcish Mines
 18217 | Orc:2    | Entered Level 2 of the Orcish Mines
 18252 | Orc:2    | Found a runed translucent gate.
 18253 | Orc:2    | Found a runed translucent gate.
 18253 | Orc:2    | Found an opulent altar of Gozag.
 18254 | Orc:2    | Found a runed translucent gate.
 18310 | Orc:2    | Noticed Flugslaktarn's ghost (journeyman MiFi)
 18521 | Orc:2    | Found a staircase to the Elven Halls.
 18694 | Orc:2    | Found Niem's Distillery.
 18704 | Orc:2    | Found Buemuetots's General Store.
 18762 | Orc:2    | Gained mutation: You are clumsy. (Dex -2) [a neqoxec]
 18861 | Orc:2    | Noticed an orc warlord
 19118 | Orc:2    | Identified the +4 long sword "Defotyav" {elec, rCorr Dex-4
                  | SInv}
 19129 | Orc:2    | Reached XP level 16. HP: 57/111 MP: 21/21
 19358 | Orc:2    | Found Buemuetots's General Store.
 19361 | Orc:2    | Found Niem's Distillery.
 19577 | Orc:2    | Found a staircase to the Elven Halls.
 19789 | Orc:2    | Found a runed translucent gate.
 19790 | Orc:2    | Found a runed translucent gate.
 19790 | Orc:2    | Found an opulent altar of Gozag.
 19791 | Orc:2    | Found a runed translucent gate.
 20041 | Orc:2    | Found Next's Book Shop.
 20041 | Orc:2    | Found Ocla's Antique Weapon Boutique.
 20042 | Orc:2    | Found a one-way gate leading to the halls of Pandemonium.
 20416 | Spider:1 | Entered Level 1 of the Spider Nest
 20464 | Spider:1 | Reached skill level 11 in Fighting
 20746 | Spider:1 | Identified the +8 short sword of Bodily Harmony {elec,
                  | rPois rCorr Int-3}
 21647 | Spider:2 | Reached skill level 12 in Fighting
 21991 | Spider:2 | Reached XP level 17. HP: 94/119 MP: 16/23
 23866 | Spider:4 | Entered Level 4 of the Spider Nest
 23932 | Spider:4 | Reached skill level 10 in Dodging
 23981 | Spider:4 | Noticed Roxanne
 24291 | Spider:4 | Noticed Mlioglotl
 24329 | Spider:4 | Reached skill level 13 in Fighting
 24755 | Spider:4 | Killed Roxanne
 25405 | Spider:4 | Killed Mlioglotl
 25502 | Spider:4 | Reached XP level 18. HP: 38/129 MP: 0/25
 25721 | Spider:4 | Reached skill level 10 in Stealth
 26045 | Spider:4 | Identified the +2 pair of boots of Valour {-Tele Dex+4}
 26049 | Spider:4 | Got a gossamer rune of Zot
 26306 | D:11     | Upgraded the game from 0.32-a0-17-gb74e046682 to
                  | 0.32-a0-18-g89e19f1974
 26368 | Swamp:1  | Entered Level 1 of the Swamp
 27273 | Swamp:2  | Reached skill level 14 in Fighting
 27319 | Swamp:2  | Reached skill level 10 in Invocations
 27635 | Swamp:3  | Noticed Nikola
 27643 | Swamp:3  | Killed Nikola
 27651 | Swamp:3  | Reached skill level 15 in Armour
 28058 | Swamp:4  | Entered Level 4 of the Swamp
 28744 | Swamp:4  | Noticed a bone dragon
 28752 | Swamp:4  | Killed a bone dragon
 29014 | Swamp:4  | Got a decaying rune of Zot
 29240 | Vaults:1 | Entered Level 1 of the Vaults
 29323 | Vaults:1 | Reached XP level 19. HP: 138/138 MP: 27/27
 29407 | Vaults:1 | HP: 6/138 [vault warden/+0 dire flail (29)]
 29619 | Vaults:1 | Reached skill level 15 in Fighting
 29695 | Vaults:1 | Found Folar's Weapon Shop.
 30376 | Vaults:1 | Found Vedu's Jewellery Shop.
 30964 | Vaults:2 | Found a magical portal.
 31068 | Vaults:2 | Noticed Zenata
 31081 | Vaults:2 | Killed Zenata
 31106 | Vaults:2 | Found a flickering gateway to a bazaar.
 31116 | Bazaar   | Entered a bazaar
 31124 | Bazaar   | Found Pom Neki's Antique Weapon Shoppe.
 31133 | Bazaar   | Found Xutwe's Antique Weapon Emporium.
 31148 | Bazaar   | Found Velupreu's Antique Armour Shoppe.
 31148 | Bazaar   | Found Teraf's Antique Armour Emporium.
 31243 | WizLab   | Entered Zonguldrok's Shrine
 31578 | WizLab   | Reached skill level 16 in Fighting
 31579 | WizLab   | Reached XP level 20. HP: 91/147 MP: 28/28
 31649 | WizLab   | Noticed an antique champion
 31649 | WizLab   | Noticed an antique champion
 31657 | WizLab   | Killed an antique champion
 31662 | WizLab   | Killed an antique champion
 31838 | WizLab   | Identified the +5 chain mail of Complete Protection {rPois
                  | rCorr Str+5}
 31883 | WizLab   | Got the Meditations on Nightshade
 31927 | WizLab   | Upgraded the game from 0.32-a0-18-g89e19f1974 to
                  | 0.32-a0-360-gcd93b57ba1
 31934 | WizLab   | Upgraded the game from 0.32-a0-360-gcd93b57ba1 to
                  | 0.32-a0-471-gb91d5d9764
 31934 | WizLab   | Upgraded the game from 0.32-a0-471-gb91d5d9764 to
                  | 0.32-a0-519-g08f29ac1c3
 33213 | Vaults:2 | Identified the +7 chain mail "Vodeut" {Slay+2}
 33592 | Vaults:3 | Found a portal to a secret trove of treasure.
 33892 | Vaults:3 | Found a glowing silver altar of Zin.
 34202 | Vaults:3 | Found a staircase to the Crypt.
 34236 | Vaults:3 | HP: 5/145 [something (19)]
 34519 | Vaults:3 | Reached skill level 15 in Dodging
 35017 | Vaults:4 | Noticed Saint Roka
 35039 | Vaults:4 | Killed Saint Roka
 35040 | Vaults:4 | Reached skill level 17 in Fighting
 35134 | Vaults:4 | Reached XP level 21. HP: 156/156 MP: 30/30
 35600 | Vaults:4 | Identified the +2 leather armour "Qainn" {rCorr Str-2
                  | Dex+3}
 36192 | Vaults:4 | Learned a level 2 spell: Blink
 36197 | Vaults:4 | Learned a level 4 spell: Passage of Golubria
 36509 | Lair:2   | Killed Chimkentus's ghost
 36520 | Lair:2   | Got the Almanac of Different Transposition
 36535 | Lair:2   | Identified the +5 sling of the Sage {speed, rN+ Will++}
 36700 | Orc:2    | Killed Flugslaktarn's ghost
 36805 | Elf:1    | Entered Level 1 of the Elven Halls
 36912 | Elf:1    | Reached skill level 1 in Translocations
 36916 | Elf:1    | Reached skill level 1 in Spellcasting
 37242 | Elf:1    | Noticed Azrael
 37249 | Elf:1    | Killed Azrael
 37621 | Elf:2    | Found Qinaumn's Assorted Antiques.
 37936 | Elf:2    | Found a runed translucent gate.
 37936 | Elf:2    | Found a runed translucent gate.
 37936 | Elf:2    | Found a runed translucent gate.
 38615 | Elf:2    | Found Bonumnick's Neck Hole.
 38720 | Elf:3    | Entered Level 3 of the Elven Halls
 38873 | Elf:3    | Reached XP level 22. HP: 164/164 MP: 31/31
 38907 | Elf:3    | Paralysed by an air elemental for 1 turns
 39110 | Elf:3    | Found a bloodstained altar of Trog.
 39110 | Elf:3    | Noticed Gemnupib's ghost (adept DEFE)
 39111 | Elf:3    | Found a transporter.
 39116 | Elf:3    | Found a transporter.
 39194 | Elf:3    | Got the Notes on the Commander
 39397 | Elf:3    | Reached skill level 18 in Fighting
 39982 | Elf:3    | Identified the orb of Summertime {guile, Str+4 Dex-3}
 40003 | Elf:3    | Identified the +6 great sword of the Enemy {venom, Fly
                  | Dex+3}
 40003 | Elf:3    | Identified the ring of Liuhual {rElec rC+ Str+3 Stlth+}
 40015 | Elf:3    | Identified the +2 quarterstaff "Wuiqied" {elec, rF+ Dex+2}
 40018 | Elf:3    | Identified the dragon-blood talisman "Ritain" {rElec Dex+3}
 40019 | Elf:3    | Identified the ring of Sabbu {rPois rF- rCorr Dex+6 Stlth+}
 40667 | Depths:1 | Entered Level 1 of the Depths
 41138 | Depths:1 | Learned a level 4 spell: Dimensional Bullseye
 41171 | Depths:1 | Found a gateway to Hell.
 41593 | Depths:2 | Noticed a juggernaut
 42306 | Depths:2 | Noticed a juggernaut
 42315 | Depths:2 | Killed a juggernaut
 42343 | Depths:2 | Reached XP level 23. HP: 115/172 MP: 33/33
 42361 | Depths:2 | Reached skill level 5 in Translocations
 42439 | Depths:2 | Identified the ring "Tiafri Ugets" {MP+9 Slay+2 SInv}
 42538 | Depths:2 | Killed a juggernaut
 42770 | Depths:2 | Found a radiant altar of Vehumet.
 43142 | Depths:2 | Identified the +1 sling "Effuc" {elec, rF- rN+ Str+3 Dex+2}
 43354 | Depths:3 | Reached skill level 5 in Spellcasting
 43761 | Depths:2 | Reached skill level 19 in Fighting
 44377 | Depths:3 | Noticed a golden dragon
 44389 | Depths:3 | Killed a golden dragon
 45479 | Depths:3 | Found a one-way gateway to a ziggurat.
 45694 | Depths:4 | Entered Level 4 of the Depths
 45696 | Depths:4 | Noticed a caustic shrike
 45697 | Depths:4 | Noticed a caustic shrike
 45697 | Depths:4 | Noticed a caustic shrike
 45707 | Depths:3 | Killed a caustic shrike
 45760 | Depths:3 | Killed a caustic shrike
 45762 | Depths:3 | Killed a caustic shrike
 46375 | Depths:4 | Reached XP level 24. HP: 180/180 MP: 33/33
 46406 | Depths:4 | Reached skill level 15 in Stealth
 46473 | Depths:4 | Noticed a caustic shrike
 46480 | Depths:4 | Killed a caustic shrike
 46480 | Depths:4 | Noticed a caustic shrike
 46487 | Depths:4 | Killed a caustic shrike
 46528 | Depths:4 | Reached skill level 1 in Hexes
 46692 | Depths:4 | Found a gate to the Realm of Zot.
 46721 | Depths:4 | Noticed a caustic shrike
 46723 | Depths:4 | Noticed a caustic shrike
 46724 | Depths:4 | Noticed a caustic shrike
 46729 | Depths:4 | Killed a caustic shrike
 46732 | Depths:4 | Killed a caustic shrike
 46734 | Depths:4 | Killed a caustic shrike
 46810 | Depths:4 | Noticed Sojobo
 46829 | Depths:4 | Paralysed by an air elemental for 1 turns
 46831 | Depths:4 | Killed Sojobo
 47213 | Depths:4 | Found a blossoming altar of Fedhas.
 47555 | Slime:1  | Entered Level 1 of the Pits of Slime
 48670 | Slime:3  | Gained mutation: You are very clumsy. (Dex -4) [a shining
                  | eye]
 48891 | Slime:3  | Reached skill level 15 in Invocations
 49534 | Slime:5  | Entered Level 5 of the Pits of Slime
 49598 | Slime:5  | Reached skill level 20 in Fighting
 49615 | Slime:5  | Reached skill level 5 in Hexes
 49680 | Slime:5  | Noticed the Royal Jelly
 49915 | Slime:5  | Found a viscous altar of Jiyva.
 50002 | Slime:4  | Reached XP level 25. HP: 189/189 MP: 34/34
 50178 | Slime:5  | Killed the Royal Jelly
 50666 | Slime:5  | Identified the +1 leather armour "Gaegez" {Regen+}
 50694 | Slime:5  | Got a slimy rune of Zot
 50707 | Slime:5  | Identified the ring "Jexkaera" {^Drain rC++ rN+ Dex+5}
 50757 | Slime:5  | Found the crystal ball of Wucad Mu {*channel}
 50771 | Slime:5  | Identified the +7 broad axe "Lulora" {drain, ^Drain Str+2
                  | Int+2}
 50807 | Slime:5  | Identified the +2 pair of gloves of Antal {rElec rN+ Str+3}
 51151 | Slime:1  | Lost mutation: You are very clumsy. (Dex -4) [potion of
                  | mutation]
 51151 | Slime:1  | Lost mutation: You are clumsy. (Dex -2) [potion of
                  | mutation]
 51151 | Slime:1  | Gained mutation: You expend magic power (3 MP) to
                  | strengthen your wands. [potion of mutation]
 51151 | Slime:1  | Gained mutation: You have a pair of small horns on your
                  | head. [potion of mutation]
 51151 | Slime:1  | Gained mutation: You occasionally lose the ability to read
                  | scrolls when taking damage. [potion of mutation]
 51152 | Slime:1  | Lost mutation: You expend magic power (3 MP) to strengthen
                  | your wands. [potion of mutation]
 51152 | Slime:1  | Lost mutation: You occasionally lose the ability to read
                  | scrolls when taking damage. [potion of mutation]
 51152 | Slime:1  | Gained mutation: You are partially covered in iridescent
                  | scales. (AC +2) [potion of mutation]
 51452 | Vaults:4 | You fall into a shaft and drop 1 floor!
 51452 | Vaults:5 | Entered Level 5 of the Vaults
 52120 | Vaults:5 | Noticed a dread lich
 52216 | Vaults:5 | Found Wootielu's Antique Armour Boutique.
 52226 | Vaults:5 | Bought a pair of runed boots for 180 gold pieces
 52237 | Vaults:5 | Found Maonoe's General Store.
 52242 | Vaults:5 | Found Aqait's Book Boutique.
 52445 | Vaults:5 | Noticed an ancient lich
 52453 | Vaults:5 | Killed an ancient lich
 52544 | Vaults:5 | Noticed a dread lich
 52550 | Vaults:5 | Killed a dread lich
 52588 | Vaults:5 | Reached skill level 10 in Translocations
 52750 | Vaults:5 | Killed a dread lich
 52946 | Vaults:5 | Bought a manual of Fighting for 1600 gold pieces
 53033 | Vaults:5 | Noticed a dread lich
 53035 | Vaults:5 | Killed a dread lich
 53036 | Vaults:5 | Reached skill level 21 in Fighting
 53040 | Vaults:5 | Got a silver rune of Zot
 53279 | Vaults:5 | Found Ruemoh's Weapon Shoppe.
 53377 | Vaults:5 | Found Piatitikk's Magic Scroll Shoppe.
 53382 | Vaults:5 | Bought a scroll of teleportation for 57 gold pieces
 53389 | Vaults:5 | Found Qoopiudgh's Magic Scroll Shop.
 53400 | Vaults:5 | Noticed an ancient lich
 53410 | Vaults:5 | Killed an ancient lich
 53411 | Vaults:5 | Reached XP level 26. HP: 201/201 MP: 34/34
 53465 | Vaults:5 | Bought a scroll of revelation for 112 gold pieces
 53465 | Vaults:5 | Bought a scroll of poison for 60 gold pieces
 53465 | Vaults:5 | Bought a scroll of revelation for 112 gold pieces
 53465 | Vaults:5 | Bought a scroll of teleportation for 45 gold pieces
 53638 | Vaults:5 | Found Zaet's Distillery.
 53642 | Vaults:5 | Bought 2 potions of haste for 400 gold pieces
 53642 | Vaults:5 | Bought a potion of enlightenment for 100 gold pieces
 53642 | Vaults:5 | Bought a potion of haste for 200 gold pieces
 53642 | Vaults:5 | Bought a potion of curing for 60 gold pieces
 53741 | Vaults:5 | Bought a scroll of immolation for 76 gold pieces
 53741 | Vaults:5 | Bought a scroll of immolation for 76 gold pieces
 53741 | Vaults:5 | Bought a scroll of fog for 76 gold pieces
 53741 | Vaults:5 | Bought a scroll of immolation for 76 gold pieces
 53771 | Vaults:5 | Bought a scroll of blinking for 165 gold pieces
 53771 | Vaults:5 | Bought a potion of invisibility for 176 gold pieces
 53771 | Vaults:5 | Bought a potion of curing for 66 gold pieces
 53771 | Vaults:5 | Bought a scroll of teleportation for 66 gold pieces
 54012 | Vaults:5 | Bought a jewelled helmet for 228 gold pieces
 54012 | Vaults:5 | Identified the +1 helmet of Osuss {rN+ Str+5} (You bought
                  | it in a shop on level 5 of the Vaults)
 54391 | Orc:2    | Bought a potion of heal wounds for 70 gold pieces
 54391 | Orc:2    | Bought a potion of resistance for 140 gold pieces
 54391 | Orc:2    | Bought a potion of haste for 140 gold pieces
 54391 | Orc:2    | Bought a potion of curing for 42 gold pieces
 54391 | Orc:2    | Bought a potion of brilliance for 56 gold pieces
 54393 | Orc:2    | Bought a potion of curing for 45 gold pieces
 54393 | Orc:2    | Bought a potion of enlightenment for 75 gold pieces
 54393 | Orc:2    | Bought a scroll of teleportation for 45 gold pieces
 54393 | Orc:2    | Bought a potion of heal wounds for 75 gold pieces
 54467 | Elf:2    | Bought a potion of brilliance for 132 gold pieces
 54467 | Elf:2    | Bought a potion of curing for 99 gold pieces
 54467 | Elf:2    | Bought a wand of light (6) for 831 gold pieces
 54467 | Elf:2    | Bought a scroll of vulnerability for 132 gold pieces
 54788 | Depths:4 | Reached skill level 22 in Fighting
 54888 | Hell     | Entered the Vestibule of Hell
 54888 | Hell     | Noticed Geryon
 55030 | Zot:1    | Entered Level 1 of the Realm of Zot
 55050 | Zot:1    | Noticed an orb of fire
 55060 | Zot:1    | Killed an orb of fire
 55721 | Zot:1    | Killed from afar by a yellow draconian annihilator

Illustrated notes

Levels and vault maps discovered:
D:1:      minmay_arrival_four_loops, layout_basic
D:2:      layout_basic, uniq_robin, uniq_terence
D:3:      layout_rooms, minmay_stone_trees_medium, grunt_ministairs_7,
          grunt_decor_one_mirror, minmay_quadrilaterals
D:4:      minmay_spotlight, layout_basic, mainiacjoe_overflow_catwalk,
          kennysheep_generic_room_10
D:5:      nicolae_cairo_tiling_large, layout_layer_cave, tgw_trog,
          nicolae_kikubaaqudgha_miasma_corner
D:6:      layout_loops_ring, old_standard_altar, serial_shops, shop
D:7:      cheibrodos_fzero, layout_loops_corners, led_sif_pool,
          minmay_temple_entry_overgrown, enter_ossuary_4, minmay_misc_feat_iff
D:8:      layout_cave_pools, grunt_temple_overflow_diamond
D:9:      layout_roguey, mainiacjoe_overflow_24_doors, uniq_prince_ribbit1
D:10:     layout_loops_ring, overflow_temple_1_default, lemuel_doored_altar,
          lemuel_coloured_pillars_altar, david_lair_generic,
          minmay_orc_entry_temple_small, chequers_serial_rivers_room_a,
          uniq_harold
D:11:     layout_small_grid, gauntlet_entry_generic
D:12:     layout_roguey, serial_rivers, chequers_serial_rivers_small_a,
          chequers_serial_rivers_large_b, chequers_serial_rivers_marsh,
          chequers_serial_rivers_micro_b
D:13:     layout_loops_ring, david_vaults_5
D:14:     layout_loops_ring, minmay_misc_feat_five, uniq_jorgrun, uniq_kirke
D:15:     hellmonk_depths_entry_around_the_bend, layout_grid_maze,
          okawaru_trees_1
Lair:1:   layout_roguey, patterned_corridor
Lair:2:   layout_cave_pods, alex1729_swamp_entry_worm_eleionoma,
          nicolae_spider_entry_orb_guardian, nzn_ghost_randoct,
          gammafunk_lair_bear_cave
Lair:3:   layout_regular_city, chequers_serial_rivers_micro_a, uniq_sonja
Lair:4:   layout_roguey, dpeg_slime_entry_enclosed,
          chequers_serial_rivers_small_b, grunt_megastairs_2
Lair:5:   hellmonk_lair_end_abyssal_woods, layout_cave_pods, uniq_nessos
Swamp:1:  layout_basic_swamp, serial_swamp_ruin, evilmike_swamp_ruin_house_6,
          evilmike_swamp_ruin_rubble_2, evilmike_swamp_ruin_house_3,
          infiniplex_staircase_pool
Swamp:2:  layout_basic_swamp, nicolae_swamp_ascending_descending
Swamp:3:  layout_basic_swamp, evilmike_swamp_ruin_wall, uniq_nikola
Swamp:4:  swamp_pestilence, layout_basic_swamp
Spider:1: layout_spider_delve
Spider:2: layout_chambers
Spider:3: layout_chambers, drop_trap, hangedman_spider_tarantella_strand
Spider:4: grunt_spider_rune_parallel, uniq_mlioglotl, uniq_roxanne
Slime:1:  layout_caves, cheibrodos_slime_lost_civilization_5
Slime:2:  layout_caves
Slime:3:  layout_caves, special_room [special_room_jelly]
Slime:4:  layout_caves
Slime:5:  slime_pit_nicolae_trefoil
Orc:1:    layout_diamond_mine, basic_altar, nicolae_orc_quarried_blocks
Orc:2:    pf_orc_diabolical, layout_caves, ebering_ghost_gozag,
          lightli_church_of_beogh
Elf:1:    elf_arrival_001, layout_rooms, kilobyte_rumbling_trees,
          lemuel_flame_loot_1, uniq_azrael
Elf:2:    elven_hall_of_blades_hangedman_original [nooodl_blade_entry_preview],
          layout_loops_cross, serial_shops, nicolae_stop_n_shop_1,
          nicolae_shop_sticking_my_neck_out
Elf:3:    elf_hall, layout_onion_city, gammafunk_ghost_wrathful_warriors,
          st_stairs_5, hangedman_elf_disciples
Vaults:1: nicolae_vaults_stepped_doors, v_alt_pattern_3,
          hangedman_vaults_stream, nicolae_vaults_what_the_h,
          nicolae_vaults_trapezoid_3, vaults_room_pool,
          nicolae_vaults_trapezoid_lopsided_4, nicolae_vaults_swerve,
          nicolae_vaults_taking_the_gang_shopping,
          nicolae_vaults_surprise_closet, vaults_room_ringed_pool,
          nicolae_vaults_house_2, v_misc_9, grunt_vaults_hallway_short,
          layout_vaults_omnicross, serial_shops, nicolae_shop_gaudy_bauble
Vaults:2: infiniplex_enter_wizlab_spiral, v_misc_16, v_misc_5,
          nicolae_vaults_rhombus_7, vaults_dpeg_encased_lava,
          hangedman_vaults_cutoff, hangedman_vaults_trim, v_pattern_2,
          hangedman_vaults_stagger, v_misc_23, vaults_room_hallway,
          nicolae_vaults_little_ls, ontoclasm_vaults_shuriken, v_misc_29,
          nicolae_vaults_diamond_2, layout_vaults_omnibox, serial_shops,
          bzr_firewalk, uniq_zenata
Vaults:3: minmay_crypt_entry_simple_corners,
          nicolae_vaults_offset_grid_hallway_1,
          hangedman_vaults_stretched_pinwheel, lemuel_angel_altar,
          nicolae_vaults_offset_grid_hallway_1, nicolae_vaults_tetromino_T_1,
          nicolae_vaults_trapezoid_lopsided_1, vaults_dpeg_diagonal,
          layout_vaults_omnigrid, nicolae_trove_entry_free_sample
Vaults:4: nicolae_vaults_closet_pinwheel_5, vaults_mumra_chevron,
          vaults_dpeg_spiral, cheibrodos_statue_roulette, v_misc_29,
          nicolae_vaults_apartment_2, hangedman_vaults_pinch,
          vaults_room_corners, v_misc_11, vaults_mumra_hexcomb,
          layout_vaults_maze_snakey, uniq_saint_roka
Vaults:5
Depths:1: layout_cave_pools, hangedman_coc_ice_floe, abyss_entry_crystal,
          minmay_misc_feat_square, drop_trap, minmay_hedge_maze,
          item_on_display_a
Depths:2: nicolae_fronds_of_death, layout_basic, rand_demon_pan_entry_8,
          fiery_altar_vehumet, hell_entry, abyss_entry
Depths:3: nzn_winding_woodlands_medium [nzn_winding_woodlands_5x5_closed_star,
          nzn_winding_woodlands_5x15_crooked, nzn_winding_woodlands_hourglass,
          nzn_winding_woodlands_5x5_open_star,
          nzn_winding_woodlands_center_lodge,
          nzn_winding_woodlands_5x5_checkerboard,
          nzn_winding_woodlands_5x5_three, nzn_winding_woodlands_5x15_longhouse,
          nzn_winding_woodlands_5x5_perimeter], layout_twisted_cross,
          ziggurat_fallback, abyss_entry, pan_entry, pf_hell_entry_tar_river,
          nicolae_wwwww
Depths:4: evilmike_zot_entry_diamond, layout_cave_pools, hell_entry, drop_trap,
          fedhas_altar_1, uniq_sojobo
Hell
Zot:1:    layout_twisted_circle

Skill      XL: |  1  2  3  4  5  6  7  8  9 10 11 12 13 14 15 16 17 18 19 20 21 22 23 24 25 26 |
---------------+-------------------------------------------------------------------------------+-----
Armour         | 1 2 3 4 5 7 9 11 13 14 15 16 17 18 19 20 | 20.0
Dodging        | 3 4 5 6 7 9 11 12 14 15 16 17 18 20 | 20.4
Fighting       | 4 5 7 9 10 12 13 14 16 17 18 19 20 21 22 | 22.6
Evocations     | 1 3 |  3.0
Stealth        | 6 7 8 9 11 12 13 14 15 16 | 16.0
Ranged Weapons | 10 13 16 19 20 | 20.0
Invocations    | 6 7 8 9 10 11 12 13 14 15 | 15.0
Translocations | 2 4 6 8 10 | 10.0
Spellcasting   | 2 4 5 6 |  6.0
Hexes          | 5 7 |  7.0
Short Blades   | |  2.6
Long Blades    | |  0.1

Action                     |  1- 3 |  4- 6 |  7- 9 | 10-12 | 13-15 | 16-18 | 19-21 | 22-24 | 25-27 || total
---------------------------+-------+-------+-------+-------+-------+-------+-------+-------+-------++-------
  Melee: Short sword       |    86 |       |       |       |       |       |       |       |       ||    86
         Long sword        |    34 |    65 |       |       |       |       |       |       |       ||    99
         Whip              |       |    63 |   259 |   295 |       |       |       |       |       ||   617
         Punch             |       |       |     8 |     6 |       |       |       |       |       ||    14
   Fire: Orcbow            |       |       |       |    76 |   337 |       |       |       |       ||   413
         Longbow           |       |       |       |       |   706 |  1143 |  1136 |  1350 |   583 ||  4918
  Throw: Stone             |       |     1 |    11 |    37 |       |       |       |       |       ||    49
         Dart              |       |       |     3 |    44 |       |       |       |       |       ||    47
         Boomerang         |       |       |       |     8 |       |       |       |       |       ||     8
   Cast: Blink             |       |       |       |       |       |       |       |     5 |       ||     5
         Passage of Golubr |       |       |       |       |       |       |       |     3 |       ||     3
         Dimensional Bulls |       |       |       |       |       |       |       |       |     1 ||     1
 Invoke: Recall Ancestor   |       |       |     5 |     8 |     6 |     3 |     9 |    23 |     3 ||    57
         Ancestor Identity |       |       |     1 |       |       |       |       |       |       ||     1
         Ancestor Life: Ba |       |       |       |     1 |       |       |       |       |       ||     1
         Idealise          |       |       |       |       |     5 |    11 |    11 |     5 |     2 ||    34
         Transference      |       |       |       |       |     1 |     4 |       |       |       ||     5
Ability: Evoke Blink       |       |       |     2 |     1 |     3 |     2 |     1 |       |       ||     9
  Evoke: Wand              |       |       |     1 |     3 |     2 |       |     1 |     1 |       ||     8
         Phantom mirror    |       |       |       |       |       |       |       |     1 |     1 ||     2
    Use: Potion            |     1 |       |       |     2 |       |     2 |     2 |     2 |     3 ||    12
         Scroll            |       |       |     1 |    12 |     6 |    10 |    12 |     2 |     7 ||    50
   Stab: Sleeping          |     5 |       |       |       |       |       |       |       |       ||     5
         Invisible         |       |       |     1 |       |       |       |       |       |       ||     1
         Distracted        |       |       |       |     5 |       |       |       |       |       ||     5
 Armour: Leather armour    |    60 |       |       |       |       |       |       |       |       ||    60
         Chain mail        |    38 |   141 |   251 |   359 |   404 |   482 |   161 |       |       ||  1836
         Swamp dragon scal |       |       |       |       |       |       |   149 |   213 |    68 ||   430
  Dodge: Dodged            |    69 |    45 |   159 |   285 |   244 |   291 |   314 |   260 |    81 ||  1748
         Repelled          |       |       |       |       |       |       |    21 |    44 |    24 ||    89

Table legend: (Time is in decaauts)
 A = Elapsed time spent in this place.
 B = Non-inter-level travel time spent in this place.
 C = Inter-level travel time spent in this place.
 D = Time resting spent in this place.
 E = Time spent auto-exploring this place.
 F = Levels seen in this place.
 G = Mean time per level.
                   A        B        C        D        E       F      G
               +--------+--------+--------+--------+--------+-----+--------+
         Total |  55801 |  44019 |  11782 |   5304 |  27397 |  53 | 1052.8 |
       Dungeon |  12513 |   7403 |   5110 |    170 |   4924 |  15 |  834.2 |
          Lair |   6874 |   5278 |   1596 |    621 |   3033 |   5 | 1374.8 |
         Swamp |   3027 |   2685 |    342 |    394 |   1704 |   4 |  756.8 |
   Spider Nest |   5842 |   5382 |    460 |    367 |   4020 |   4 | 1460.5 |
    Slime Pits |   3513 |   2975 |    538 |    643 |   1742 |   5 |  702.6 |
  Orcish Mines |   2560 |   2220 |    340 |    109 |   1606 |   2 | 1280.0 |
   Elven Halls |   3586 |   2844 |    742 |    303 |   1781 |   3 | 1195.3 |
        Vaults |   8713 |   6588 |   2125 |    678 |   4292 |   5 | 1742.6 |
        Depths |   6737 |   6220 |    517 |   1547 |   3579 |   4 | 1684.2 |
          Hell |      7 |      7 |      0 |      0 |      0 |   1 |    7.0 |
           Zot |    671 |    663 |      8 |    151 |    421 |   1 |  671.0 |
        Bazaar |     58 |     58 |      0 |      0 |      0 |   1 |   58.0 |
       Ossuary |    183 |    183 |      0 |     22 |     21 |   1 |  183.0 |
        Wizlab |    706 |    706 |      0 |    136 |      0 |   1 |  706.0 |
      Gauntlet |    805 |    805 |      0 |    161 |    272 |   1 |  805.0 |
               +--------+--------+--------+--------+--------+-----+--------+

Top non-repeatable levels by time:
  Lair:5: 2481 daAuts
Vaults:5: 2288 daAuts
Depths:2: 2221 daAuts
Spider:4: 2176 daAuts
Depths:3: 2072 daAuts
   Orc:2: 1951 daAuts
Vaults:1: 1792 daAuts
Vaults:2: 1621 daAuts
Depths:4: 1549 daAuts
Vaults:4: 1514 daAuts
  Lair:4: 1512 daAuts
Vaults:3: 1495 daAuts
    D:10: 1474 daAuts
Spider:3: 1447 daAuts
   Elf:3: 1381 daAuts
